[Event "*** Titled Tuesday Blitz"]
[Site "Chess.com"]
[Date "2021.03.30"]
[Round "2"]
[White "Chessbard1972"]
[Black "karwowskikacper"]
[Result "0-1"]
[WhiteElo "2239"]
[BlackElo "2447"]
[TimeControl "180+1"]
[EndTime "10:18:12 PDT"]
[Termination "karwowskikacper won on time"]

1. e4 c5 2. Nf3 Nc6 3. Bb5 g6 4.
O-O Bg7 5. Bxc6 dxc6 6. h3 e5 7. d3 Ne7 8. a4 O-O 9. a5 f6 10.
Be3 Qd6 11. Nfd2 Be6 12. Na3 b6 13. Nac4 Qc7 14. a6 Rad8 15. Qe2 h6 16. f4 exf4 17.
Bxf4 Qd7 18. Kh2 Kh7 19. h4 f5 20. Ne5 Qc8 21. Ndf3 fxe4 22. Qxe4 Bf5 23. Qe3 Nd5 24. Qc1 Nxf4 25. Qxf4 Bxd3 26. Nxd3 Rxf4 27. Nxf4 Qg4 28. Nd3 g5 29. hxg5 hxg5 30. Rae1 c4 31. Nde5 Qh5+ 32. Kg1 g4 33. Kf2 gxf3 34. Rh1 Rd2+ 35.
Ke3 Bh6+ 36. Ke4 Re2+ 37. Kd4 Qxh1 38. Rxh1 fxg2 39. Ra1 Be3+ 40. Kxc4 g1=Q 41. Rxg1 Bxg1 42. Nxc6 Rxc2+ 43. Kd5 b5 44. b4 Ra2 45. Nb8 Rc2 46.
Nc6 Bb6 47. Kd6 Rc4 48. Kd5 Kg7 49. Kd6 Kf6 50. Kd5 Kf7 51. Kd6 Ke8 52. Kd5 Rh4 0-1

[Event "*** Titled Tuesday Blitz"]
[Site "Chess.com"]
[Date "2021.03.30"]
[Round "2"]
[White "Stormeman100100"]
[Black "XDPS"]
[Result "0-1"]
[WhiteElo "2530"]
[BlackElo "2799"]
[TimeControl "180+1"]
[EndTime "10:18:13 PDT"]
[Termination "XDPS won by resignation"]

1. d4 d5 2. c4 c6 3. Nc3 Nf6 4. Nf3 e6 5. e3 Nbd7 6. Qc2 Bd6 7.
b3 O-O 8. Be2 b6 9. Bb2 Bb7 10.
O-O Qe7 11. Rfe1 Rfe8 12. Rad1 Rad8 13. Bf1 e5 14. dxe5 Nxe5 15. Nxe5 Qxe5 16. g3 dxc4 17. Nd5 Qxd5 18. Rxd5 Nxd5 19. Bxc4 Bf8 20. e4 b5 21. Bf1 Nb4 22. Qb1 Na6 23. e5 Nc5 24. Rd1 Ne6 25. Bg2 a6 26. Qc2 Rxd1+ 27. Qxd1 Rd8 28. Qc2 Ba8 29.
h4 c5 30. Bxa8 Rxa8 31. f4 g6 32. Kf2 Rd8 33. Kf3 h5 34. a4 Rd5 35. axb5 axb5 36. Qe2 c4 37. bxc4 bxc4 38. Qxc4 Rd2 39. Bc1 Rc2 40.
Qf1 Bc5 41. Ke4 Bf2 42. Kd3 Ra2 43. Kc3 Bxg3 44. f5 Rf2 45. Qg1 Rf3+ 46. Kc4 gxf5 47.
Bg5 f4 48. Bf6 Rf2 49. Qh1 Rc2+ 50. Kb3 Rc8 51. Qe4 Nc5+ 0-1

[Event "*** Titled Tuesday Blitz"]
[Site "Chess.com"]
[Date "2021.03.30"]
[Round "2"]
[White "Savagelittlemole"]
[Black "kingofthenil"]
[Result "1-0"]
[WhiteElo "2533"]
[BlackElo "2749"]
[TimeControl "180+1"]
[EndTime "10:18:14 PDT"]
[Termination "Savagelittlemole won by checkmate"]

1. e4 Nc6 2. Nf3 d5 3. exd5 Qxd5 4. Nc3 Qh5 5. Be2 Bg4 6. O-O O-O-O 7. d3 e5 8. Be3 f5 9. Ne1 Bxe2 10. Qxe2 Qg6 11.
f4 exf4 12. Bxf4 Nf6 13. Nf3 Bc5+ 14. Kh1 Rhe8 15. Qd2 Ng4 16. Rae1 Rxe1 17. Qxe1 Re8 18. Qg3 Nd4 19. Nxd4 Bxd4 20. h3 Ne3 21. Qxg6 hxg6 22. Re1 Kd7 23. Bxe3 Rxe3 24. Rxe3 Bxe3 25. Nd5 Bc1 26.
b3 Bd2 27. a3 a5 28. g3 Kd6 29. Nf4 Bxf4 30. gxf4 Kd5 31. c3 b5 32. a4 b4 33.
cxb4 axb4 34. Kg2 Kd4 35. Kf3 c6 36. Ke2 Kd5 37. Ke3 Kc5 38. d4+ Kd5 39. Kd3 c5 40.
dxc5 Kxc5 41. Ke3 Kd5 42. Kd3 Kc5 43. a5 Kb5 44. a6 Kxa6 45. Kc4 g5 46. fxg5 f4 47.
Kd4 Kb5 48. h4 f3 49. Ke3 Kc5 50. h5 f2 51. Kxf2 Kd4 52. h6 gxh6 53. gxh6 Kc3 54. h7 Kxb3 55. h8=Q Ka2 56. Ke2 b3 57. Kd2 b2 58. Qa8+ Kb3 59. Qb7+ Ka2 60. Kc2 Ka3 61. Qb3# 1-0

[Event "*** Titled Tuesday Blitz"]
[Site "Chess.com"]
[Date "2021.03.30"]
[Round "2"]
[White "GregShahade"]
[Black "Sweafty"]
[Result "0-1"]
[WhiteElo "2707"]
[BlackElo "2523"]
[TimeControl "180+1"]
[EndTime "10:18:14 PDT"]
[Termination "Sweafty won by resignation"]

1. e4 d6 2. d4 Nf6 3. Nc3 e5 4. Nge2 exd4 5. Nxd4 Be7 6. g3 O-O 7. Bg2 c6 8. O-O Nbd7 9. Re1 Qc7 10. a4 a5 11. Nf5 Nc5 12. Bf4 Bxf5 13. exf5 Rad8 14.
Qd4 Rfe8 15. Rad1 Qb6 16. b3 d5 17. h3 Bf8 18. Bg5 Rxe1+ 19. Rxe1 Re8 20. Rxe8 Nxe8 21. f6 Nxf6 22. Bxf6 gxf6 23. Ne2 Bg7 24. Qg4 Ne6 25. h4 Qc5 26. Qf5 b5 27. Bh3 bxa4 28. bxa4 Qc4 29.
Bg4 h6 30. Bh5 Qxa4 31. Nf4 Qe4 32. Qg4 f5 33. Qd1 Nxf4 34. gxf4 Qxf4 35. Qe1 Be5 36. Qxa5 Qxh4 37. Bf3 Qf6 38. Qa8+ Kg7 39. Qc8 Bf4 40. Kf1 Bg5 41. Kg2 Qe6 42. Qc7 Bf6 43. Qg3+ Kh7 44. Bh5 Be5 45. Qf3 Qf6 46. Kf1 Kg7 47. c4 dxc4 48. Qg2+ Qg5 49. Qf3 c3 50. Qd1 c2 51.
Qxc2 Qxh5 52. Qxc6 Bf6 53. Qg2+ Qg5 54. Qf3 Qg4 55.
Qd5 h5 56. Ke1 h4 57. Kf1 h3 58. Qd7 h2 59. Qd5 Qg1+ 60. Ke2 h1=Q 61. Qxf5 Qg5 62.
Qh7+ Qxh7 63. f4 Qe4+ 0-1

[Event "*** Titled Tuesday Blitz"]
[Site "Chess.com"]
[Date "2021.03.30"]
[Round "2"]
[White "Danny_Billiards"]
[Black "ecwinslow"]
[Result "1-0"]
[WhiteElo "2556"]
[BlackElo "2269"]
[TimeControl "180+1"]
[EndTime "10:18:14 PDT"]
[Termination "Danny_Billiards won on time"]

1. d4 Nf6 2. Nf3 g6 3. g3 Bg7 4.
Bg2 O-O 5. O-O d6 6. a4 a5 7. Nc3 Nbd7 8. e4 c6 9. h3 e5 10. Re1 Qc7 11. b3 Re8 12. Bb2 exd4 13.
Nxd4 Nc5 14. Qd2 h5 15. Rad1 Bd7 16. Re2 Rad8 17. Rde1 Bc8 18. Qc1 Ne6 19. Nb1 Nxd4 20. Bxd4 Nd7 21. Bxg7 Kxg7 22. c4 Nc5 23. Qc3+ Kg8 24. Nd2 Re6 25. h4 Rde8 26. f3 Qb6 27. Kh2 R6e7 28. Re3 Qc7 29. Qd4 Na6 30. f4 Nb4 31.
Qc3 Bg4 32. Nf3 Qc8 33. Ng5 Qc7 34. f5 Re5 35. Rf1 gxf5 36. Nf3 Rxe4 37. Rxe4 fxe4 38. Ng5 f5 39. Qf6 Qg7 40. Qxd6 e3 41. Re1 e2 42. Bh3 Nc2 43. Bxg4 hxg4 44. Ne6 Qe7 45. Qxe7 Rxe7 46.
Rxe2 Kf7 47. Nf4 Rxe2+ 48. Nxe2 Kf6 49. Kg2 Ne3+ 50. Kf2 Nc2 51. Nc1 Ke5 52. Nd3+ Kf6 53. Ke2 Nd4+ 54. Ke3 Nxb3 55. Kf4 Nd4 56. Nc5 Ne6+ 57.
Nxe6 Kxe6 58. c5 Kf6 59. h5 1-0

[Event "*** Titled Tuesday Blitz"]
[Site "Chess.com"]
[Date "2021.03.30"]
[Round "2"]
[White "MergenKakabaev"]
[Black "Jospem"]
[Result "0-1"]
[WhiteElo "2362"]
[BlackElo "2949"]
[TimeControl "180+1"]
[EndTime "10:18:15 PDT"]
[Termination "Jospem won on time"]

1. e4 c5 2. Nf3 d6 3. d4 cxd4 4. Nxd4 a6 5. Nc3 e6 6. f4 Nf6 7. Qf3 Qc7 8. Be3 Nbd7 9. O-O-O b5 10. a3 Bb7 11. g4 Nc5 12. Bd3 Be7 13. g5 Nfd7 14. f5 Ne5 15. Qh3 Nexd3+ 16. cxd3 e5 17. Nc2 a5 18. Nxb5 Qd7 19. Nc3 Nb3+ 20. Kb1 O-O 21. d4 exd4 22. Nxd4 Nc5 23. Qf3 Rfb8 24. f6 Bf8 25.
Nf5 Qe6 26. Bxc5 dxc5 27. fxg7 Bxg7 28. Nxg7 Kxg7 29. Rhf1 Rd8 30. Qf6+ Qxf6 31. gxf6+ Kg6 32. e5 Ba6 33. Rf2 Rxd1+ 34. Nxd1 Re8 35. Ne3 Rxe5 36. Rg2+ Kh5 37. Ng4 Re4 38. h3 Bf1 39. Rg3 Kh4 40. Rf3 Bg2 41. Rc3 Re1+ 42. Ka2 Bxh3 43. Ne3 Be6+ 44. b3 Re2+ 45. Kb1 Kg5 46. Rxc5+ Kxf6 47. Nc4 Kg6 48. Nxa5 h5 49. b4 h4 0-1

[Event "*** Titled Tuesday Blitz"]
[Site "Chess.com"]
[Date "2021.03.30"]
[Round "2"]
[White "AlexPapasimakopoulos"]
[Black "Sofiia_Hryzlova"]
[Result "1-0"]
[WhiteElo "2623"]
[BlackElo "2311"]
[TimeControl "180+1"]
[EndTime "10:18:16 PDT"]
[Termination "AlexPapasimakopoulos won by resignation"]

1. d4 Nf6 2. c4 c5 3. d5 e6 4.
Nc3 d6 5. e4 g6 6. h3 Bg7 7.
Nf3 O-O 8. Bd3 exd5 9. exd5 Re8+ 10. Be3 Na6 11. O-O Nc7 12. Re1 a6 13. a4 Rb8 14. Qd2 b5 15. axb5 axb5 16. Bf4 bxc4 17. Bxc4 Bf5 18. Rxe8+ Nfxe8 19. g4 Rb4 20. b3 Be4 21. Ng5 Bxd5 22. Nxd5 Bxa1 23. Nxb4 cxb4 24. Nxf7 Qf6 25. Nxd6+ Kg7 26. Bh6+ Kh8 27. Nf7+ Kg8 28. Nd6+ Kh8 29. Nxe8 Nxe8 30. Qxb4 Bd4 31. Qf8+ Qxf8 32. Bxf8 Nc7 33. Kg2 Bb6 34. f4 h5 35. g5 Kh7 36.
Kf3 Ba5 37. Ke4 Bb6 38. h4 Bf2 39. Bd6 Na8 40. Ke5 Nb6 41. Kf6 Bxh4 42. Bf7 Nd7+ 43. Ke6 Nb6 44. Bc5 Nc8 45. Kf6 Be1 46. Bxg6+ Kh8 47.
Bxh5 Bc3+ 48. Kg6 Bg7 49. Bg4 Bc3 50. Bxc8 Kg8 51. Be6+ Kh8 52. Be7 Bg7 53. b4 Bd4 54. b5 1-0

[Event "*** Titled Tuesday Blitz"]
[Site "Chess.com"]
[Date "2021.03.30"]
[Round "2"]
[White "Orest_Vovk"]
[Black "prachiti01"]
[Result "1-0"]
[WhiteElo "2482"]
[BlackElo "1932"]
[TimeControl "180+1"]
[EndTime "10:18:16 PDT"]
[Termination "Orest_Vovk won by checkmate"]

1. h3 Nf6 2. g4 h6 3. Bg2 d5 4.
c4 e6 5. d3 c6 6. Nc3 Be7 7.
Nf3 Nbd7 8. Bf4 Nb6 9. Ne5 dxc4 10. dxc4 Qxd1+ 11. Rxd1 Nfd7 12. Nxd7 Bxd7 13. b3 O-O-O 14. O-O f6 15. a4 e5 16. Be3 Kb8 17. Ne4 Be6 18.
Nc5 Bf7 19. Be4 Kc7 20. Bf5 g6 21. Ne6+ Bxe6 22. Bxe6 a6 23. Rxd8 Rxd8 24. Bxh6 g5 25. h4 gxh4 26. Be3 Nd7 27. f4 exf4 28. Bxf4+ Ne5 29.
g5 Kb6 30. Bxe5 fxe5 31. g6 Bc5+ 32. Kh1 Bf8 33. Rxf8 Rxf8 34. g7 Re8 35. g8=Q Rxg8 36. Bxg8 Kc5 37. Kg2 Kb4 38. c5 Kxc5 39. Kh3 b5 40. axb5 cxb5 41. Kxh4 Kd4 42. Kg5 a5 43. Kf5 a4 44. bxa4 bxa4 45. e4 a3 46. Bf7 Kc3 47. Kxe5 Kb2 48. Kd4 a2 49. Bxa2 Kxa2 50. e5 Kb2 51. e6 Kc2 52. e7 Kb3 53. e8=Q Kb2 54. Qc8 Kb3 55. Qc3+ Ka2 56. Qb4 Ka1 57. Kc3 Ka2 58.
Qb2# 1-0

[Event "*** Titled Tuesday Blitz"]
[Site "Chess.com"]
[Date "2021.03.30"]
[Round "2"]
[White "Mazanchenko_Dmitry"]
[Black "DrCeltic"]
[Result "0-1"]
[WhiteElo "2201"]
[BlackElo "2428"]
[TimeControl "180+1"]
[EndTime "10:18:16 PDT"]
[Termination "DrCeltic won by checkmate"]

1. e4 c5 2. Ne2 e6 3. Nbc3 a6 4. a4 Nc6 5. g3 Nf6 6. Bg2 Be7 7. O-O O-O 8. d3 Rb8 9. f4 d6 10. h3 Bd7 11. b3 b5 12. axb5 axb5 13. Bb2 Nd4 14.
Nxd4 cxd4 15. Ne2 e5 16. f5 h6 17. g4 Nh7 18. c3 dxc3 19. Bxc3 Rc8 20. d4 Bf6 21.
dxe5 Bxe5 22. Bxe5 dxe5 23. Qd6 Rc2 24. Ng3 Qh4 25.
Qd3 Rfc8 26. Rf3 Ng5 27. Raf1 Nxf3+ 28. Rxf3 Qe7 29. f6 Qc5+ 30. Kh2 Be6 31. fxg7 Rc1 32.
Rf1 Rc3 33. Qd2 Qe3 34. Qxe3 Rxe3 35. b4 Rc2 36. Kh1 Rxg3 37. Rg1 Bc4 38. Kh2 Re3 39. h4 Rxe4 40. Kg3 Re3+ 41. Kh2 Bd5 42. h5 Rxg2+ 43. Rxg2 Bxg2 44. g5 Rb3 45. gxh6 Be4 46. Kg1 Rb2 47. Kf1 Bh7 48. Ke1 e4 49. Kd1 e3 50.
Ke1 f5 51. Kf1 f4 52. Ke1 f3 53. Kd1 Rb1# 0-1

[Event "*** Titled Tuesday Blitz"]
[Site "Chess.com"]
[Date "2021.03.30"]
[Round "2"]
[White "Artyom_ChessMate"]
[Black "kuli4ik"]
[Result "0-1"]
[WhiteElo "2551"]
[BlackElo "2852"]
[TimeControl "180+1"]
[EndTime "10:18:17 PDT"]
[Termination "kuli4ik won by resignation"]

1. e4 Nf6 2. e5 Nd5 3. d4 d6 4. Nf3 Nb6 5. a4 a5 6. Bb5+ c6 7. Bd3 Bg4 8. h3 Bxf3 9. Qxf3 e6 10. exd6 Bxd6 11. O-O Qf6 12. Qxf6 gxf6 13. c4 Bc7 14. Nc3 Na6 15. Re1 Nb4 16. Rd1 Nxd3 17. Rxd3 Nxc4 18.
b3 Nb6 19. Bh6 Rg8 20. Ne4 Rg6 21. Be3 O-O-O 22. h4 Rdg8 23. g3 Nd5 24. h5 Rg4 25.
f3 f5 26. Nd6+ Bxd6 27. fxg4 Rxg4 28. Bf2 Nf4 29. Rf3 Nxh5 30. Kh2 Nf6 31. Be3 Re4 32. Bf4 Bb4 33. Rd1 Nd5 34. Kg2 Bc3 35. Rfd3 Kd7 36.
Rh1 Rxf4 37. Rxc3 Rxd4 38. Rf3 Rd2+ 39. Rf2 Ne3+ 40. Kf3 Rxf2+ 41. Kxf2 Ng4+ 42. Kf3 h6 43.
Rd1+ Kc7 44. Kf4 b5 45. Rd2 Nf6 46. Rh2 h5 47. Kg5 Ne4+ 48. Kf4 Nc5 49. axb5 cxb5 50. Rxh5 Kd6 51. Rh7 Ke7 52. Rh8 Nxb3 53. Rb8 Nd4 54. Ke3 e5 55. Rb6 a4 56. Kd3 f6 57. Ra6 Kf7 58. Ke3 Kg6 59. Ra7 a3 60. Kd3 b4 61.
Kc4 b3 62. Kc3 Nb5+ 0-1

[Event "*** Titled Tuesday Blitz"]
[Site "Chess.com"]
[Date "2021.03.30"]
[Round "2"]
[White "HanSchut"]
[Black "Mr_Sinigami"]
[Result "0-1"]
[WhiteElo "2240"]
[BlackElo "2536"]
[TimeControl "180+1"]
[EndTime "10:18:17 PDT"]
[Termination "Mr_Sinigami won on time"]

1. e4 d5 2. exd5 Nf6 3. Bb5+ Bd7 4. Be2 Nxd5 5. d4 g6 6. c4 Nb6 7. Nf3 Bg7 8. Be3 O-O 9. Nc3 Bg4 10. b3 c5 11. Rc1 Bxf3 12. Bxf3 cxd4 13. Bxb7 dxc3 14.
Qxd8 Rxd8 15. Bxb6 axb6 16. Bxa8 Na6 17. Be4 f5 18.
Bc2 Rd2 19. a3 Bd4 20. O-O e5 21. b4 Kg7 22. Ba4 Nc7 23. Rc2 Rd3 24. Rfc1 Ne6 25. g3 Ng5 26. Kf1 e4 27. c5 bxc5 28. bxc5 f4 29.
gxf4 Ne6 30. c6 Rf3 31. Bb3 Nc7 32. a4 Rxf4 33. Rxc3 Bxc3 34. Rxc3 Rf5 35. Ke2 Kf6 36.
Ke3 Rf3+ 37. Kd2 Rxf2+ 38. Kc1 Rxh2 39. a5 Rh1+ 40. Kb2 Rh5 41. Rc4 Rxa5 42. Rxe4 h5 43. Rd4 g5 44. Rd7 Ra7 45. Rf7+ Ke5 46. Kc2 h4 47. Rg7 Kf4 48. Rf7+ Kg4 49. Kd3 h3 50. Kc4 Kg3 51. Rh7 h2 0-1

[Event "*** Titled Tuesday Blitz"]
[Site "Chess.com"]
[Date "2021.03.30"]
[Round "2"]
[White "dcremisi"]
[Black "sokidze"]
[Result "0-1"]
[WhiteElo "2527"]
[BlackElo "2792"]
[TimeControl "180+1"]
[EndTime "10:18:18 PDT"]
[Termination "sokidze won by resignation"]

1. Nf3 c5 2. c4 Nc6 3. Nc3 e5 4. e3 Nf6 5. d4 e4 6. Nd2 cxd4 7. exd4 Bb4 8. d5 Ne5 9. Qc2 O-O 10. Be2 d6 11. O-O Bf5 12. Qb3 Bxc3 13. Qxc3 Qd7 14. b3 Rac8 15. Bb2 Nxd5 16. Qg3 Nf6 17. Bxe5 dxe5 18.
Rfd1 Qe6 19. Nf1 Rfd8 20. Ne3 Bg6 21. h3 h6 22. Kh2 Rd4 23. Nc2 Rd7 24. Rxd7 Nxd7 25.
Rd1 f5 26. Qc3 Nf6 27. Qb4 b6 28. Rd6 Qf7 29. Qc3 Qe7 30. Rd1 Kh7 31. Ne3 f4 32. Nd5 Nxd5 33. Rxd5 Re8 34. Bg4 h5 35. Bd1 Qf6 36.
Qd2 f3 37. g3 h4 38. g4 Bf7 39. Rd6 Be6 40. Bc2 Qe7 41. Bxe4+ Kh8 42. Rxe6 Qxe6 43. Qg5 Qh6 44. Qf5 Qf4+ 45. Kg1 Qxf5 46. gxf5 Rd8 47.
Bd5 Kh7 48. Kf1 g6 49. f6 g5 50. f7 Kg7 51. Ke1 Rxd5 52. cxd5 Kxf7 53. Kd2 g4 54.
Ke3 e4 55. Kf4 gxh3 56. Ke5 h2 57. Kd6 h1=Q 58. Kc7 Qc1+ 59. Kb7 h3 60. d6 Qd2 61. d7 Qxd7+ 62. Kb8 h2 0-1

[Event "*** Titled Tuesday Blitz"]
[Site "Chess.com"]
[Date "2021.03.30"]
[Round "2"]
[White "MF1966Idrisov"]
[Black "Vaathi_Coming"]
[Result "1/2-1/2"]
[WhiteElo "2365"]
[BlackElo "2799"]
[TimeControl "180+1"]
[EndTime "10:18:20 PDT"]
[Termination "Game drawn by repetition"]

1. Nf3 Nf6 2. b3 g6 3. Bb2 Bg7 4. c4 O-O 5. g3 d6 6. d4 c5 7. Bg2 Ne4 8. O-O Nc6 9. e3 Bg4 10.
h3 Bxf3 11. Bxf3 f5 12. Nd2 cxd4 13. Nxe4 fxe4 14. Bxe4 dxe3 15. Bd5+ Kh8 16. Bxg7+ Kxg7 17. fxe3 Qb6 18. Qd2 Ne5 19. Kg2 a5 20. Rxf8 Rxf8 21.
Rf1 Rxf1 22. Kxf1 Qc7 23. Qd4 b6 24. Kg2 Qd8 25. Qf4 Qd7 26. g4 h6 27. Kg3 b5 28. c5 Qc7 29. c6 e6 30. Bxe6 Qxc6 31. h4 Qe8 32. Bd5 Nd3 33. Qd4+ Qe5+ 34. Qxe5+ Nxe5 35. g5 hxg5 36. hxg5 b4 37. Be4 Kf7 38. Kf4 Nd7 39. Bc2 Nc5 40. Kf3 Ne6 41. Kg4 Nc7 42.
Bd3 Kg7 43. Bc4 d5 44. Bd3 Ne6 45. Bc2 Kf7 46. Bb1 Nc5 47. Bc2 Ne6 48. Bb1 Kg7 49. Bc2 d4 50. exd4 Nxd4 51. Bb1 Ne6 52. Bd3 Kf7 53. Bc2 Kg7 54. Bd3 Nd4 55. Kf4 Ne6+ 56. Kg4 1/2-1/2

[Event "*** Titled Tuesday Blitz"]
[Site "Chess.com"]
[Date "2021.03.30"]
[Round "2"]
[White "sakkikuska"]
[Black "GM_dmitrij"]
[Result "1-0"]
[WhiteElo "2495"]
[BlackElo "2998"]
[TimeControl "180+1"]
[EndTime "10:18:21 PDT"]
[Termination "sakkikuska won by resignation"]

1. e4 c5 2. Nf3 d6 3. d4 cxd4 4.
Nxd4 Nf6 5. f3 e5 6. Nb3 d5 7. exd5 Qxd5 8. Qxd5 Nxd5 9. Bd2 Nc6 10. Nc3 Be6 11.
O-O-O O-O-O 12. Nxd5 Bxd5 13. Bc3 f6 14. Bd3 Be7 15.
Rhe1 Kc7 16. Be4 Bxe4 17. Rxe4 Rxd1+ 18. Kxd1 Kd6 19. Na5 Nxa5 20. Bxa5 Ke6 21. c4 Rc8 22. b3 Bc5 23. Bc3 Bg1 24. h3 b5 25. Ke2 Bh2 26. Bd2 a6 27. g4 g6 28. cxb5 axb5 29.
Rb4 Rc5 30. a4 bxa4 31. bxa4 Rc2 32. Rb6+ Kf7 33. Kd3 Ra2 34. a5 h5 35. a6 Bg1 36.
Rc6 Ra3+ 37. Ke2 h4 38. Rc7+ Ke6 39. Rc6+ Kf7 40. Rc7+ Ke8 41. Rc6 f5 42. gxf5 gxf5 43. Re6+ Kf7 44. Rxe5 Rxa6 45. Rxf5+ Ke6 46. Rf4 Ra2 47.
Rxh4 Bc5 48. Re4+ Kf5 49. Rc4 Be7 50. Kd3 Ra3+ 51. Bc3 Ra2 52. h4 Rh2 53. Ra4 Bxh4 54. Ra5+ Ke6 55. Ra6+ Kf7 56. Ra7+ Kg6 57. Ra6+ Kf5 58.
Ra8 Rf2 59. Rf8+ Ke6 60. Bd2 Rf1 61. Ke2 Bg3 62. Kxf1 1-0

[Event "*** Titled Tuesday Blitz"]
[Site "Chess.com"]
[Date "2021.03.30"]
[Round "2"]
[White "steka121"]
[Black "DKmirl"]
[Result "1/2-1/2"]
[WhiteElo "2372"]
[BlackElo "2156"]
[TimeControl "180+1"]
[EndTime "10:18:22 PDT"]
[Termination "Game drawn - insufficient material"]

1. e4 c5 2. b3 Nc6 3. Bb2 d6 4.
f4 Nf6 5. Nc3 g6 6. Bb5 Bg7 7. Qe2 Bd7 8. Bxc6 Bxc6 9. Nd5 Bxd5 10.
exd5 O-O 11. c4 Qd7 12. Nf3 a6 13. O-O b5 14. d3 a5 15. Rae1 Ra7 16. f5 a4 17.
fxg6 hxg6 18. Ng5 axb3 19. axb3 Qg4 20. Qxg4 Nxg4 21. Bxg7 Kxg7 22. Re2 b4 23. Rfe1 Ne5 24. Re3 Rh8 25. Nf3 Nxf3+ 26. Rxf3 Re8 27. d4 cxd4 28. Rd1 Rea8 29. Rxd4 Ra1+ 30. Rf1 Rxf1+ 31. Kxf1 Ra3 32. Rd3 Kf6 33. Re3 Ra2 34. h4 Rb2 35. g4 Rh2 36.
Rf3+ Kg7 37. Re3 Kf8 38. h5 gxh5 39. gxh5 Rxh5 40. Ke2 Rh2+ 41. Kd1 Rb2 42. Kc1 Rf2 43. Rg3 Rf4 44. Rh3 Kg7 45. Rg3+ Kf6 46. Rg8 Rf5 47. Rb8 Rf1+ 48. Kc2 Rf2+ 49. Kc1 Rf1+ 50. Kd2 Rf2+ 51. Ke1 Rb2 52. Rxb4 Rb1+ 53. Kd2 Ke5 54. Rb7 e6 55. Rxf7 exd5 56. cxd5 Kxd5 57. Kc2 Rg1 58. Rf5+ Kc6 59. Rh5 Rg2+ 60. Kc3 Rg3+ 61. Kb4 Rg4+ 62. Ka5 Rg3 63. Ka4 Rg4+ 64. b4 Re4 65. Ka5 Re5+ 66. Rxe5 dxe5 67. b5+ Kb7 68. Kb4 e4 69. Kc4 Kb6 70. Kd4 Kxb5 71. Kxe4 1/2-1/2

[Event "*** Titled Tuesday Blitz"]
[Site "Chess.com"]
[Date "2021.03.30"]
[Round "2"]
[White "GM_LOADING"]
[Black "Vincent_Vega95"]
[Result "1-0"]
[WhiteElo "2527"]
[BlackElo "2735"]
[TimeControl "180+1"]
[EndTime "10:18:25 PDT"]
[Termination "GM_LOADING won by resignation"]

1. e4 c5 2. Nf3 d6 3. d4 cxd4 4.
Nxd4 Nf6 5. Nc3 a6 6. Be2 e5 7. Nf3 Be7 8. Bg5 O-O 9. O-O Be6 10. Bxf6 Bxf6 11. Nd5 Nd7 12. Bc4 Rc8 13. Qe2 Nb6 14. Nxb6 Qxb6 15. Bb3 Qc6 16. c3 d5 17. exd5 Bxd5 18.
Bxd5 Qxd5 19. Rfd1 Qc4 20. Qxc4 Rxc4 21. Rd7 b5 22. a3 Rc6 23. Rad1 h6 24. g3 Rfc8 25. Nd2 Kf8 26. Nb3 R6c7 27. R1d6 Rxd7 28. Rxd7 Rc6 29. Kg2 Ke8 30. Rb7 Be7 31. Kf3 f5 32. Ke2 Kf7 33. Na5 Re6 34. Rc7 Kf6 35. Nc6 Bd6 36.
Rc8 g5 37. Ra8 e4 38. Rxa6 Bc5 39. Nb4 Ke5 40. Rxe6+ Kxe6 41. Nc2 f4 42. gxf4 gxf4 43.
f3 Kd5 44. fxe4+ Kxe4 45. Ne1 Be3 46. b3 Bc1 47. a4 bxa4 48. bxa4 Bb2 49. c4 Kd4 50. c5 Kd5 51. Nd3 Bd4 52. Kf3 Be3 53.
a5 Kc6 54. a6 Kc7 55. Ke4 Kc6 56. Nb4+ Kc7 57. Nd5+ 1-0

[Event "*** Titled Tuesday Blitz"]
[Site "Chess.com"]
[Date "2021.03.30"]
[Round "2"]
[White "Piotrek1979"]
[Black "Ranindu2003"]
[Result "1/2-1/2"]
[WhiteElo "2328"]
[BlackElo "2588"]
[TimeControl "180+1"]
[EndTime "10:18:26 PDT"]
[Termination "Game drawn by repetition"]

1. Nf3 Nf6 2. g3 e6 3. b3 d5 4.
Bb2 g6 5. Bg2 Bg7 6. O-O O-O 7.
c4 b6 8. d3 Bb7 9. Qc2 c5 10. e3 Nc6 11. a3 Qe7 12. Nbd2 Rfd8 13. Rfe1 Rac8 14. Ne5 Nxe5 15. Bxe5 dxc4 16. Nxc4 Bxg2 17.
Kxg2 Qb7+ 18. e4 Qe7 19. a4 h5 20. h3 h4 21. g4 Nd7 22. Bxg7 Kxg7 23. e5 Rc6 24.
Rad1 Rdc8 25. Qc1 Nb8 26. Qf4 Rd8 27. g5 Rd4 28. Qf6+ Qxf6 29. gxf6+ Kh6 30. Re4 Rxe4 31. dxe4 Rc7 32. Rd8 Nc6 33. Rh8+ Kg5 34. Kf3 Nd4+ 35. Ke3 Nc2+ 36. Kd2 Nd4 37. Ke3 Nc2+ 38. Kd3 Nd4 39. b4 Nc6 40. Ke3 Nxe5 41. f4+ Kxf6 42. fxe5+ Kg7 43. Ra8 cxb4 44. Nd6 b3 45. Ne8+ Kh6 46. Kf4 Rc1 47. Nf6 Rf1+ 48. Kg4 Rg1+ 49. Kf4 g5+ 50. Kf3 Re1 51. Rh8+ Kg7 52. Rg8+ Kh6 53. Ng4+ Kh7 54. Nf6+ Kh6 55. Rh8+ Kg7 56. Rg8+ Kh6 1/2-1/2

[Event "*** Titled Tuesday Blitz"]
[Site "Chess.com"]
[Date "2021.03.30"]
[Round "2"]
[White "nicolochessit"]
[Black "reniite"]
[Result "0-1"]
[WhiteElo "2290"]
[BlackElo "1979"]
[TimeControl "180+1"]
[EndTime "10:18:26 PDT"]
[Termination "reniite won by resignation"]

1. e4 e5 2. Nf3 Nc6 3. d4 exd4 4. Nxd4 Nf6 5. Nxc6 bxc6 6. e5 Qe7 7. Qe2 Nd5 8.
c4 Ba6 9. b3 g6 10. Bb2 Bg7 11. g3 O-O 12. Nd2 Rae8 13. Nf3 f6 14. exf6 Qxe2+ 15. Bxe2 Bxf6 16. Bxf6 Rxf6 17. Kd2 Nc3 18. Rhe1 Rxe2+ 19. Rxe2 Nxe2 20. Kxe2 d5 21. Nd2 dxc4 22. Nxc4 Bxc4+ 23. bxc4 Kf7 24. Rd1 Ke7 25. f4 Rd6 26. Rb1 Rd4 27.
Rb4 Kd6 28. Ra4 c5 29. Ra6+ Kd7 30. Ra4 Kc6 31. Ke3 Kb6 32. g4 Kc6 33. h3 Kd6 34. Ra6+ Kd7 35. Ra4 h5 36. gxh5 gxh5 37. Rxa7 Rxc4 38.
Ra6 Rc3+ 39. Ke4 Rxh3 40. Kd5 Rf3 41. Rh6 Rxf4 42. Rxh5 c4 43. Rh7+ Kd8 44. Kc6 Rf6+ 45. Kc5 c3 46. Rh2 Rb6 47. Kd4 Rb2 48. Rh1 c2 49. Rc1 Rxa2 50. Kd3 Kd7 51. Kd2 Kd6 52. Rxc2 Rxc2+ 53. Kxc2 Kc5 54. Kc3 c6 55. Kc2 Kc4 56.
Kc1 Kc3 57. Kb1 c5 58. Kc1 c4 59. Kb1 Kd2 60. Kb2 c3+ 61. Kb3 c2 62. Ka2 c1=Q 63.
Kb3 Qc2+ 64. Ka3 Qb1 65. Ka4 Kc3 0-1

[Event "*** Titled Tuesday Blitz"]
[Site "Chess.com"]
[Date "2021.03.30"]
[Round "2"]
[White "SameerMujumdar"]
[Black "Treacherous_horse64"]
[Result "1-0"]
[WhiteElo "2294"]
[BlackElo "2459"]
[TimeControl "180+1"]
[EndTime "10:18:27 PDT"]
[Termination "SameerMujumdar won by checkmate"]

1. e4 d6 2. Nc3 Nf6 3. Nf3 e5 4. Bc4 Be7 5. d4 Nbd7 6. O-O O-O 7. h3 c6 8. a4 Qc7 9. Bg5 h6 10. Bh4 b6 11. Qd2 a6 12. Rfd1 b5 13. axb5 cxb5 14. Bxb5 Bb7 15. Bxd7 Qxd7 16. dxe5 Nxe4 17. Nxe4 Bxe4 18.
Bxe7 Qxe7 19. exd6 Qb7 20. Ne1 Qxb2 21. c4 Qb6 22.
Qd4 Qc6 23. c5 Bf5 24. Nf3 Rfc8 25. Ra5 Qd7 26. Ne5 Qe6 27. d7 Rd8 28. c6 f6 29.
c7 fxe5 30. cxd8=Q+ Rxd8 31. Qxe5 Qxe5 32. Rxe5 Rxd7 33.
Rxd7 Bxd7 34. Ra5 Bb5 35. f3 Kh7 36. Kf2 g5 37. g4 Kg6 38. Ke3 Kf6 39. f4 Ke6 40.
Ra1 Kf6 41. Rc1 Ke6 42. Rc5 Bf1 43. fxg5 hxg5 44. Rxg5 Bxh3 45. Kf4 Bf1 46. Ra5 Kf6 47. g5+ Kg6 48. Rc5 Bb5 49. Rd5 Kf7 50. Rd6 Kg7 51.
Kf5 Bf1 52. g6 Kh6 53. Kf6 a5 54. Rd1 Bg2 55. Ra1 Be4 56. g7 Kh7 57. Rxa5 Bf3 58. Rf5 Be2 59. Kf7 Bc4+ 60. Kf8 Be6 61. Rf2 Bd5 62.
g8=Q+ Bxg8 63. Rh2+ Kg6 64. Kxg8 Kg5 65. Kg7 Kg4 66. Kg6 Kg3 67. Rh5 Kf4 68. Rg5 Ke4 69. Rf5 Ke3 70. Kf6 Ke4 71. Ke6 Kd4 72. Re5 Kd3 73.
Kd5 Kc3 74. Kc5 Kd2 75. Kd4 Kc2 76. Kc4 Kd1 77. Kc3 Kc1 78. Re1# 1-0

[Event "*** Titled Tuesday Blitz"]
[Site "Chess.com"]
[Date "2021.03.30"]
[Round "2"]
[White "GMKrikor"]
[Black "UCantHandleDenker"]
[Result "1-0"]
[WhiteElo "2824"]
[BlackElo "2542"]
[TimeControl "180+1"]
[EndTime "10:18:28 PDT"]
[Termination "GMKrikor won by checkmate"]

1. d4 d6 2. e4 Nf6 3. Nc3 e5 4. Nf3 Nbd7 5. Bc4 Be7 6. O-O O-O 7. Re1 c6 8. a4 b6 9. h3 a6 10. Be3 Rb8 11. Ba2 b5 12. axb5 axb5 13. b4 Qc7 14. Bb3 Nb6 15. Qd3 h6 16. Rad1 Re8 17. Rd2 Rb7 18.
Red1 Nc4 19. Bxc4 bxc4 20. Qxc4 Be6 21. d5 cxd5 22. Qxc7 Rxc7 23. Nxd5 Nxd5 24. exd5 Bf5 25. Rc1 Rb8 26. c3 Rxb4 27. Ra2 Rb8 28. Nd2 Rbc8 29. c4 Bd3 30. Ra3 Bf5 31. f3 g5 32. Rac3 Bf6 33.
Ne4 Be7 34. g4 Bg6 35. Kg2 f5 36. gxf5 Bxf5 37. Ng3 Bg6 38. Ne4 Kf7 39. Kg3 Bf5 40.
Bb6 Rb7 41. c5 Bxe4 42. fxe4 dxc5 43. Bxc5 Bxc5 44. Rxc5 Rb3+ 45. Kg4 Rxc5 46. Rxc5 Re3 47. Rc7+ Kg6 48. Rc6+ Kg7 49. Kf5 Rf3+ 50. Kxe5 Rxh3 51. Rc7+ Kg6 52. Ke6 Rd3 53. d6 g4 54. e5 g3 55. Rc8 Kg7 56. d7 g2 57. Rc1 h5 58.
Rg1 Rd2 59. Rxg2+ Rxg2 60. d8=Q Rg6+ 61. Kf5 Kh6 62. Qh8# 1-0